Map: Abiogenesis LE

Players

CinDra - Winner!

  • Race: Zerg Zerg
  • League: Gold
  • Spawn Location: 11:00

unbilivavl

  • Race: Zerg Zerg
  • League: Gold
  • Spawn Location: 5:00

VOD

Have the link to the VOD?

Description

Time

  • Played on: March 11, 2018, 10:43 p.m.
  • Length: 4:54
Show
View Real Time Build Order
Export as new Build Order

CinDra Zerg - Winner!

Build Orders: Pool First 

Get SALT Encoding   

  12  0:02  Drone  
  13  0:12  Overlord  
  13  0:17  Drone  
  14  0:31  Drone x2  
  14  0:35  Drone  
  17  0:46  Spawning Pool  
  16  0:50  Drone  
  16  0:55  Extractor  
  16  0:56  Drone  
  17  1:21  Hatchery  
  16  1:29  Drone  
  16  1:30  Drone x2  
  19  1:41  Overlord  
  19  1:51  Zergling x2  
  20  1:59  Metabolic Boost  
  20  2:11  Drone  
  20  2:13  Zergling x2  
  22  2:24  Zergling x2  
  23  2:35  Queen, Zergling x4  
  23  2:36  Queen  
  29  2:57  Zergling x2  
  29  2:58  Zergling x6  
  32  3:05  Drone  
  32  3:11  Zergling x2  
  33  3:20  Zergling x2  
  33  3:21  Zergling x2  
  33  3:26  Drone  
  36  3:27  Overlord  
  35  3:55  Zergling x16  
  41  4:12  Zergling x8  
  42  4:23  Zergling x4  
Show
View Real Time Build Order
Export as new Build Order

unbilivavl Zerg 

Build Orders: Hatch First 

Get SALT Encoding   

  12  0:02  Drone  
  13  0:08  Drone  
  14  0:18  Overlord  
  14  0:38  Drone x3  
  17  0:53  Drone  
  18  0:59  Hatchery  
  17  1:08  Extractor, Drone  
  17  1:19  Spawning Pool  
  16  1:27  Drone x2  
  18  1:42  Drone  
  19  2:06  Drone x3  
  22  2:13  Queen x2  
  22  2:15  Overlord  
  26  2:29  Zergling x4  
  28  2:45  Drone x4  
  31  3:07  Drone x4  
  31  3:11  Extractor, Metabolic Boost  
  34  3:13  Roach Warren  
  34  3:14  Drone  
  34  3:15  Overlord  
  34  3:24  Spine Crawler  
  34  3:25  Spine Crawler  
  32  3:30  Zergling x6  
  33  3:46  Zergling x2  
  33  3:47  Zergling x8  
  24  3:57  Zergling x4  
  24  4:14  Drone x2  
  25  4:33  Zergling x2  
  25  4:34  Zergling x2  
Tags
 
Add a new tag
Caveats
  • Supply blocks, unpowered buildings, or Contaminate may cause inaccurate times.
  • Supply counts are checked every 10 seconds.